 Dungeon Crawl Stone Soup version 0.30-a0-862-g1aabd4f9c5 (webtiles) character file.

Game seed: 376837924495825991

369 scionoferis the Grave Robber (level 6, -3/46 HPs)
             Began as a Mummy Necromancer on Mar 9, 2023.
             Slain by Pikel
             ... wielding a +0 whip of flaming
              (4 damage)
             ... on level 5 of the Dungeon.
             The game lasted 00:12:04 (3475 turns).

scionoferis the Grave Robber (Mummy Necromancer)    Turns: 3475, Time: 00:12:05

Health: -3/46      AC:  3    Str: 11    XL:     6   Next: 41%
Magic:  1/12       EV: 12    Int: 16    God:
Gold:   139        SH:  5    Dex: 13    Spells: 9/13 levels left

rFire   x . .      SeeInvis .    a - +2 dagger (venom)
rCold   + . .      Faith    +    (no shield)
rNeg    + + +      Spirit   .    d - +0 robe
rPois   ∞          Reflect  +    (no helmet)
rElec   .          Rampage  .    e - +0 cloak
rCorr   .                        (no gloves)
Will    +....                    (no boots)
Stlth   ++                       m - amulet of reflection
HPRegen 0.27/turn                t - ring of willpower
MPRegen 0.13/turn                (no ring)

@: no status effects
A: cold resistance 1, negative energy resistance 3, torment resistance 2, heat
vulnerability 1, in touch with death 1, no potions, faith
a: no special abilities


You were on level 5 of the Dungeon.
You visited 2 branches of the dungeon, and saw 6 of its levels.

You collected 139 gold pieces.


Innate Abilities, Weirdness & Mutations

You are immune to poison.
Your flesh is cold resistant. (rC+)
You are immune to negative energy. (rN+++)
You are immune to unholy pain and torment.
You are vulnerable to heat. (rF-)
You are in touch with the powers of death.
You do not drink.
You have a special connection with the divine. (Faith)


   Skills:
 + Level 2.6 Fighting
 - Level 1.5 Dodging
 + Level 3.1 Stealth
 + Level 4.4 Spellcasting
 * Level 5.8 Necromancy


You had 9 spell levels left.
You knew the following spells:

 Your Spells              Type           Power      Damage    Failure   Level
a - Necrotise             Necr           100%       1d9       1%          1
b - Vampiric Draining     Necr           33%        2d8       4%          3

Your spell library contained the following spells:

 Spells                   Type           Power      Damage    Failure   Level
 Animate Dead             Necr           33%        N/A       16%         4
 Agony                    Necr           33%        N/A       38%         5
 Frozen Ramparts          Ice            6%         1d1       43%         3
 Petrify                  Tmut/Erth      3%         N/A       85%         4
 Summon Ice Beast         Ice/Summ       3%         N/A       85%         4
 Metabolic Englaciation   Hex/Ice        1%         N/A       99%         5
 Ice Form                 Ice/Tmut       Unusable   N/A       N/A         4
 Statue Form              Tmut/Erth      Unusable   N/A       N/A         6

Inventory:

Hand Weapons
 a - a +2 dagger of venom (weapon)
   (You took it off a goblin on level 1 of the Dungeon)
 b - a +0 sling
   (You found it on level 2 of the Dungeon)
 g - a +0 mace of draining
   (You found it on level 2 of the Dungeon)
Missiles
 f - 5 poisoned darts
 s - 6 boomerangs
Armour
 d - a +0 robe (worn)
 e - a +0 cloak (worn)
   (You found it on level 2 of the Dungeon)
Jewellery
 m - an amulet of reflection (around neck)
   (You took it off a kobold on level 3 of the Dungeon)
 p - a ring of ice
   (You found it on level 3 of the Dungeon)
 t - a ring of willpower (left hand)
   (You found it on level 4 of the Dungeon)
Wands
 h - a wand of charming (2)
   (You found it on level 2 of the Dungeon)
Scrolls
 c - 2 scrolls of teleportation {unknown}
 i - 3 scrolls of identify {unknown}
 j - 2 scrolls of brand weapon {unknown}
 k - a scroll of fear {unknown}
 l - a scroll of blinking {unknown}
 n - a scroll of enchant weapon {unknown}
 o - a scroll of amnesia {unknown}
 q - 2 scrolls of noise {unknown}
 r - a scroll of magic mapping {unknown}

Dungeon Overview and Level Annotations

Branches:
Dungeon (5/15)             Temple (1/1) D:4

Altars:
Ashenzari
Cheibriados
Fedhas
Kikubaaqudgha
Nemelex Xobeh
Qazlal
Ru
Wu Jian
Yredelemnul

Annotations:
D:3 2 runed translucent doors, Datul's ghost, amateur DsWr
D:5 Pikel

###############
#.............##
#.#####!..5....##
#.#
#.#####.......
#.# #.# #..#####5
#.# #5# #.5...5..
#.# #@# #5####
#.# #K# #5# #.#
#5# #.#
#.#####.#####.#
#..........5..#
#######.#####.##
#.....#####..#
#.######†#.#.#
#.# #......#


You could see Pikel (very poisoned) and 2 lemures.


Message History

Aiming: Necrotise (safe; 2% risk of failure)
Press: ? - help, Q - select action, (/) - cycle Shift-Dir - straight line, f - giant cockroach
Aim: a giant cockroach (ally target, chance to affect: 93%)
You feel a surge of power!
The giant cockroach barely resists.
Your orc skeleton crumbles into dust!
Unknown command.
You hit the giant cockroach.
The giant cockroach is poisoned.
The giant cockroach is severely wounded.
Your orc skeleton crumbles into dust!
You kill the giant cockroach!
No target in view!
Found a leather armour.
Found a spear.
A rat comes into view.
A rat is nearby!
An adder comes into view.
Aiming: Necrotise (safe; 2% risk of failure)
Press: ? - help, Q - select action, (/) - cycle Shift-Dir - straight line, f - rat
Aim: a rat (asleep, chance to affect: 93%)
You feel a surge of power!
The rat writhes in agony!
You kill the rat!
The dead are walking!
Aiming: Necrotise (safe; 2% risk of failure)
Press: ? - help, Q - select action, (/) - cycle Shift-Dir - straight line, f - you
Okay, then.
Aiming: Necrotise (safe; 2% risk of failure)
Press: ? - help, Q - select action, (/) - cycle Shift-Dir - straight line, f - adder
Aim: an adder (asleep, ally target, chance to affect: 88%)
You feel a surge of power!
The adder hisses angrily.
The adder writhes in agony.
Your rat skeleton barely misses the adder.
Aiming: Necrotise (safe; 2% risk of failure)
Press: ? - help, Q - select action, (/) - cycle Shift-Dir - straight line, f/p - adder
Aim: an adder (lightly wounded, ally target, chance to affect: 88%)
You feel a surge of power!
The adder writhes in agony.
Your rat skeleton misses the adder.
Unknown command.
You hit the adder.
The adder is poisoned.
The adder is moderately wounded.
You block the adder's attack.
Your rat skeleton misses the adder.
You closely miss the adder.
The adder is moderately wounded.
The adder barely misses you.
You hit the adder.
The adder looks as sick as possible!
The adder is heavily wounded.
You kill the adder!
No target in view!
Your rat skeleton crumbles into dust!
c - 2 scrolls labelled WOPEMY EQODIG (gained 1)
Found a stormy altar of Qazlal.
j - 2 scrolls labelled RAEREC LUTUSA (gained 1)
You open the door.
An adder comes into view.
The adder hisses angrily.
You hear a shout!
There is an open door here.
Aiming: Necrotise (safe; 2% risk of failure)
Press: ? - help, Q - select action, (/) - cycle Shift-Dir - straight line, f - adder
Aim: an adder (chance to affect: 88%)
You feel a surge of power!
The adder writhes in agony.
A hobgoblin comes into view.
Unknown command.
Aiming: Necrotise (safe; 2% risk of failure)
Press: ? - help, Q - select action, (/) - cycle Shift-Dir - straight line, f/p - adder
Aim: an adder (lightly wounded, chance to affect: 88%)
You feel a surge of power!
The adder writhes in agony.
Unknown command.
You hit the adder.
The adder is poisoned.
The adder is almost dead.
You kill the adder!
Your Necromancy skill increases to level 5!
Aiming: Necrotise (safe; 2% risk of failure)
Press: ? - help, Q - select action, (/) - cycle Shift-Dir - straight line, f - hobgoblin
Aim: a hobgoblin (chance to affect: 93%)
You feel a surge of power!
The hobgoblin writhes in agony.
Unknown command.
Aiming: Necrotise (safe; 2% risk of failure)
Press: ? - help, Q - select action, (/) - cycle Shift-Dir - straight line, f/p - hobgoblin
Aim: a hobgoblin (severely wounded, chance to affect: 93%)
You feel a surge of power!
The hobgoblin writhes in agony.
You kill the hobgoblin!
The dead are walking!
Your hobgoblin skeleton crumbles into dust!
Found a dark potion.
You open the door.
A goblin comes into view. It is wielding a +0 club.
There is an open door here.
Aiming: Necrotise (safe; 2% risk of failure)
Press: ? - help, Q - select action, (/) - cycle Shift-Dir - straight line, f - goblin
Aim: a goblin, wielding a +0 club (chance to affect: 93%)
You feel a surge of power!
The goblin writhes in agony!
You kill the goblin!
The dead are walking!
You swap places.
An adder comes into view.
An endoplasm comes into view.
Aiming: Necrotise (safe; 2% risk of failure)
Press: ? - help, Q - select action, (/) - cycle Shift-Dir - straight line, f - adder
Aim: an adder (ally target, chance to affect: 88%)
You feel a surge of power!
The adder writhes in agony!
Unknown command.
Aiming: Necrotise (safe; 2% risk of failure)
Press: ? - help, Q - select action, (/) - cycle Shift-Dir - straight line, f/p - adder
Aim: an adder (severely wounded, ally target, chance to affect: 88%)
You feel a surge of power!
The adder barely resists.
Unknown command.
You closely miss the adder.
The adder is severely wounded.
You block the adder's attack.
Your goblin skeleton barely misses the adder.
You hit the adder but do no damage.
The adder is severely wounded.
The adder bites you. The adder barely misses you.
You miss the adder.
The adder is severely wounded.
The endoplasm quivers.
Your goblin skeleton barely misses the adder.
The adder misses you.
You hit the adder.
You kill the adder!
You have reached level 5!
You feel agile.
Aiming: Necrotise (safe; 2% risk of failure)
Press: ? - help, Q - select action, (/) - cycle Shift-Dir - straight line, f - endoplasm
Aim: an endoplasm (ally target, chance to affect: 93%)
You feel a surge of power!
The endoplasm writhes in agony!
You kill the endoplasm!
Unknown command.
Unknown command.
Your goblin skeleton crumbles into dust!
You see here an adder corpse.
Found a ring mail and a cyan potion.
A worm comes into view.
Aiming: Necrotise (safe; 2% risk of failure)
Press: ? - help, Q - select action, (/) - cycle Shift-Dir - straight line, f - you
Okay, then.
Aiming: Necrotise (safe; 2% risk of failure)
Press: ? - help, Q - select action, (/) - cycle Shift-Dir - straight line, f - worm
Aim: a worm (chance to affect: 88%)
You feel a surge of power!
The worm writhes in agony.
Unknown command.
Aiming: Necrotise (safe; 2% risk of failure)
Press: ? - help, Q - select action, (/) - cycle Shift-Dir - straight line, f/p - worm
Aim: a worm (moderately wounded, chance to affect: 88%)
You feel a surge of power!
The worm writhes in agony!
Unknown command.
Aiming: Necrotise (safe; 2% risk of failure)
Press: ? - help, Q - select action, (/) - cycle Shift-Dir - straight line, f/p - worm
Aim: a worm (almost dead, chance to affect: 88%)
You feel a surge of power!
The worm writhes in agony.
Unknown command.
Aiming: Necrotise (safe; 2% risk of failure)
Press: ? - help, Q - select action, (/) - cycle Shift-Dir - straight line, f/p - worm
Aim: a worm (almost dead, chance to affect: 88%)
You feel a surge of power!
The worm writhes in agony.
You kill the worm!
Unknown command.
A rat comes into view.
The rat closely misses you.
You see here a +0 ring mail.
You barely miss the rat. The rat closely misses you.
You hit the rat but do no damage.
The rat is poisoned.
The rat closely misses you.
You closely miss the rat.
The rat is heavily wounded.
You block the rat's attack.
You closely miss the rat.
The rat is heavily wounded.
You kill the rat!
You open the door.
Found a stone staircase leading down.
You see here a +0 club.
There is an open door here.
You open the door.
There is an open door here.
p - a ring of ice A kobold comes into view.
It is wielding a +0 short sword.
The helpless kobold fails to defend itself.
You puncture the kobold!
You kill the kobold!
Things that are here:
a +0 short sword; a kobold corpse
Found a stone staircase leading up.
Things that are here:
a +0 short sword; a kobold corpse
Found a runed translucent door.
Datul's ghost turns its malevolent gaze towards you.
You now have 91 gold pieces (gained 16).
The adder hisses angrily.
Press: ? - help, v - describe, . - travel
Here: Datul's ghost (fire blocked by a translucent stone wall) Some shallow water.
Could not explore, unopened runed door.
Things that are here:
a +1 hand axe of freezing; a +0 short sword Really walk into that teleport trap?
You enter a teleport trap!
The teleport trap disappears.
Your surroundings suddenly seem different.
There is an open door here.
q - a scroll labelled QUYMEG XIUPIR You now have 104 gold pieces (gained 13).
There is a stormy altar of Qazlal here.
Things that are here:
a +1 hand axe of freezing; a +0 short sword
Things that are here:
a +0 hand axe; a +0 ring mail The adder hisses angrily.
There is a stone staircase leading down here.
Unknown command.
You climb downwards.
There is a stone staircase leading up here.
Found a white potion.
An endoplasm comes into view.
Found a hand axe.
Found 8 gold pieces.
Aiming: Necrotise (safe; 2% risk of failure)
Press: ? - help, Q - select action, (/) - cycle Shift-Dir - straight line, f - endoplasm
Aim: an endoplasm (asleep, chance to affect: 93%)
You feel a surge of power!
The endoplasm quivers.
The endoplasm writhes in agony.
Aiming: Necrotise (safe; 2% risk of failure)
Press: ? - help, Q - select action, (/) - cycle Shift-Dir - straight line, f/p - endoplasm
Aim: an endoplasm (almost dead, chance to affect: 93%)
You feel a surge of power!
The endoplasm writhes in agony.
You kill the endoplasm!
Unknown command.
Magic restored.
Found a stone staircase leading down.
Found a dagger.
You now have 112 gold pieces (gained 8).
A goblin comes into view. It is wielding a +0 club.
Found a spear.
The goblin moves out of view.
Found 9 gold pieces.
Okay, then.
Unknown command.
Okay, then.
Unknown command.
Aiming: Necrotise (safe; 2% risk of failure)
Press: ? - help, Q - select action, (/) - cycle Shift-Dir - straight line, f - goblin
Aim: a goblin, wielding a +0 club (wandering, hasn't noticed you, chance to affect: 93%)
You feel a surge of power!
The goblin writhes in agony.
You kill the goblin!
The dead are walking!
An orc comes into view. It is wielding a +0 club.
Aiming: Necrotise (safe; 2% risk of failure)
Press: ? - help, Q - select action, (/) - cycle Shift-Dir - straight line, f - orc
Aim: an orc, wielding a +0 club and wearing a +0 scale mail (asleep, chance to affect: 93%)
You feel a surge of power!
The orc shouts!
The orc writhes in agony.
Aiming: Necrotise (safe; 2% risk of failure)
Press: ? - help, Q - select action, (/) - cycle Shift-Dir - straight line, f/p - orc
Aim: an orc, wielding a +0 club and wearing a +0 scale mail (heavily wounded, ally target, chance to affect: 93%)
You feel a surge of power!
The orc barely resists.
Unknown command.
Aiming: Necrotise (safe; 2% risk of failure)
Press: ? - help, Q - select action, (/) - cycle Shift-Dir - straight line, f/p - orc
Aim: an orc, wielding a +0 club and wearing a +0 scale mail (heavily wounded, chance to affect: 93%)
You feel a surge of power!
The orc writhes in agony.
Unknown command.
Aiming: Necrotise (safe; 2% risk of failure)
Press: ? - help, Q - select action, (/) - cycle Shift-Dir - straight line, f/p - orc
Aim: an orc, wielding a +0 club and wearing a +0 scale mail (almost dead, ally target, chance to affect: 93%)
You feel a surge of power!
The orc writhes in agony.
You kill the orc!
The dead are walking!
Your goblin skeleton crumbles into dust!
Your orc skeleton crumbles into dust!
An adder comes into view.
Found a staircase to the Ecumenical Temple.
You see here a +0 dagger.
Found a scroll labelled ESA SOGOAHOULU.
There is a staircase to the Ecumenical Temple here.
You climb downwards.
Welcome to the Ecumenical Temple!
There is a staircase back to the Dungeon here.
You open the large door.
There is a large open door here.
You open the large door.
There is a large open door here.
You open the large door.
Found a white marble altar of Elyvilon.
There is a large open door here.
You open the large door.
There is a large open door here.
You open the gate.
There is an open gate here.
You open the large door.
Found a sacrificial altar of Ru.
There is a large open door here.
There is a sacrificial altar of Ru here.
You open the large door.
There is a large open door here.
You open the gate.
There is an open gate here.
As you open the large door, it creaks loudly!
Found a blossoming altar of Fedhas.
There is a large open door here.
You open the large door.
There is a large open door here.
You open the large door.
Found a glowing golden altar of the Shining One.
There is a large open door here.
You open the large door.
There is a large open door here.
There is a large open door here.
As you open the large door, it creaks loudly!
You open the large door.
There is a large open door here.
You open the gate.
There is an open gate here.
You open the large door.
Found a basalt altar of Yredelemnul.
There is a large open door here.
You open the large door.
There is a large open door here.
You open the large door.
There is a large open door here.
As you open the large door, it creaks loudly!
There is a large open door here.
You open the gate. You open the large door.
There is a large open door here.
As you open the large door, it creaks loudly!
There is a large open door here.
You open the large door.
Found a glowing silver altar of Zin.
There is a large open door here.
You open the large door.
There is a large open door here.
There is a large open door here.
There is a large open door here.
There is an open gate here.
You open the door.
Found four altars.
There is an open gate here.
There is a large open door here.
There is a large open door here.
You open the large door.
Found an ornate altar of the Wu Jian Council.
There is a large open door here.
Done exploring.
Done exploring.
Search for what [Enter for "d:", or ? for help]?
Okay, then.
Unknown command.
Unknown command.
You open the large door.
There is a large open door here.
There is a large open door here.
There is a blossoming altar of Fedhas here.
There is a large open door here.
There is a large open door here.
You open the large door.
There is a large open door here.
There is a large open door here.
There is a staircase back to the Dungeon here.
You climb upwards.
Welcome back to the Dungeon!
The adder barely misses you. The adder bites you.
There is a staircase to the Ecumenical Temple here.
You hit the adder.
The adder is moderately wounded.
The adder barely misses you. The adder bites you but does no damage.
You barely miss the adder.
The adder is moderately wounded.
The adder closely misses you.
You completely miss the adder.
The adder is moderately wounded.
The adder bites you.
You hit the adder.
The adder is poisoned.
The adder is heavily wounded.
The adder closely misses you. You block the adder's attack.
You barely miss the adder.
The adder is heavily wounded.
The adder completely misses you.
You hit the adder.
The adder looks as sick as possible!
The adder is almost dead.
You kill the adder!
No target in view!
No target in view!
i - 2 scrolls labelled ESA SOGOAHOULU (gained 1)
You see here an adder corpse.
An orc comes into view. It is wielding a +0 dagger.
Aiming: Necrotise (safe; 1% risk of failure)
Press: ? - help, Q - select action, (/) - cycle Shift-Dir - straight line, f - orc
Aim: an orc, wielding a +0 dagger and wearing a +0 leather armour (asleep, chance to affect: 93%)
You feel a surge of power!
The orc shouts!
The orc writhes in agony!
You kill the orc!
An orc comes into view. It is wielding a +0 club.
Your Fighting skill increases to level 2!
Aiming: Necrotise (safe; 1% risk of failure)
Press: ? - help, Q - select action, (/) - cycle Shift-Dir - straight line, f - orc
Aim: an orc, wielding a +0 club (not watching you, chance to affect: 93%)
You feel a surge of power!
The orc writhes in agony.
An orc comes into view. It is wielding a +0 mace.
Unknown command.
Aiming: Necrotise (safe; 1% risk of failure)
Press: ? - help, Q - select action, (/) - cycle Shift-Dir - straight line, f/p - orc
Aim: an orc, wielding a +0 club (heavily wounded, chance to affect: 93%)
You feel a surge of power!
The orc writhes in agony.
You kill the orc!
The dead are walking!
The orc hits your orc skeleton with a +0 mace.
The orc hits your orc skeleton with a +0 mace.
Your orc skeleton is destroyed!
Aiming: Necrotise (safe; 1% risk of failure)
Press: ? - help, Q - select action, (/) - cycle Shift-Dir - straight line, f - orc
Aim: an orc, wielding a +0 mace (chance to affect: 93%)
You feel a surge of power!
The orc writhes in agony!
You kill the orc!
Unknown command.
Aiming: Necrotise (safe; 1% risk of failure)
Press: ? - help, Q - select action, (/) - cycle Shift-Dir - straight line, f - you
Okay, then.
Unknown command.
A ball python comes into view.
Aiming: Necrotise (safe; 1% risk of failure)
Press: ? - help, Q - select action, (/) - cycle Shift-Dir - straight line, f - ball python
Aim: a ball python (ally target, chance to affect: 93%)
You feel a surge of power!
The ball python writhes in agony.
Unknown command.
You hit the ball python.
You kill the ball python!
No target in view!
Your orc skeleton crumbles into dust!
Your orc skeleton crumbles into dust!
Magic restored.
r - a scroll labelled MEUCLU LOEQ You now have 121 gold pieces (gained 9).
Things that are here:
a +0 dagger; a +0 leather armour
Found 6 boomerangs.
You see here 6 boomerangs.
s - 6 boomerangs
Found 9 stones.
Found a stone staircase leading down.
An adder comes into view.
A gnoll comes into view. It is wielding a +0 whip.
Aiming: Necrotise (safe; 1% risk of failure)
Press: ? - help, Q - select action, (/) - cycle Shift-Dir - straight line, f - adder
Aim: an adder (chance to affect: 88%)
You feel a surge of power!
The adder writhes in agony!
Unknown command.
The adder attacks as you move away! The adder bites you.
You hit the adder.
You kill the adder!
You start resting.
HP restored.
You start resting.
Magic restored.
Found 8 gold pieces.
A gnoll bouda and 2 gnolls come into view.
Found a stone staircase leading up.
The gnoll shouts!
You hear a shout!
The gnoll bouda moves out of view.
The gnoll shouts!
The gnoll attacks as you move away! The gnoll closely misses you.
The gnoll shouts!
You hit the gnoll.
The gnoll is poisoned.
The gnoll is moderately wounded.
The gnoll closely misses you.
You hit the gnoll.
The gnoll looks as sick as possible!
The gnoll is heavily wounded.
The gnoll closely misses you.
You closely miss the gnoll.
The gnoll is heavily wounded.
The gnoll hits you with a +0 whip.
A gnoll comes into view. It is wielding a +0 flail.
Aiming: Necrotise (safe; 1% risk of failure)
Press: ? - help, Q - select action, (/) - cycle Shift-Dir - straight line, f - gnoll
Aim: a gnoll, wielding a +0 whip (almost dead, extremely poisoned, chance to affect: 88%)
You feel a surge of power!
The gnoll writhes in agony!
You kill the gnoll!
The dead are walking!
You hit the gnoll.
The gnoll is poisoned.
The gnoll is lightly wounded.
The gnoll hits you with a +0 club.
The gnoll bouda calls upon its god to heal the gnoll.
The gnoll's wounds heal themselves!
You barely miss the gnoll. You block the gnoll's attack.
The gnoll bouda barks out a call to the hunt!
The gnolls pick up the pace!
You hit the gnoll.
The gnoll looks even sicker.
The gnoll is moderately wounded.
The gnoll hits you from afar with a +0 halberd!
The gnoll hits you with a +0 club!
Your gnoll skeleton hits the gnoll.
The gnoll hits your gnoll skeleton with a +0 club.
Your gnoll skeleton hits the gnoll.
You kill the gnoll!
Your Spellcasting skill increases to level 4!
Unknown command.
Aiming: Charm
Press: ? - help, Shift-Dir - straight line, f - gnoll
Aim: a gnoll, wielding a +0 halberd (covering ground quickly, chance to affect: 57%)
The gnoll is charmed.
What are your orders? t - Shout!
Orders for allies: a - Attack new target. p - Attack previous target. r - Retreat! s - Stop attacking. g - Guard the area. f - Follow me.
Anything else - Cancel.
Gang up on whom?
Press: ? - help, Dir - move target, f - gnoll bouda, p - gnoll
Aim: a gnoll bouda, wielding a +0 club and wearing a +0 robe Attack!
Casting: Necrotise (safe; 1% risk of failure)
Confirm with . or Enter, or press ? or * to list all spells.
Aiming: Necrotise (safe; 1% risk of failure)
Press: ? - help, Shift-Dir - straight line, f - gnoll, p - gnoll bouda
Aim: a gnoll, wielding a +0 flail (covering ground quickly, chance to affect: 88%)
You feel a surge of power!
The gnoll barely resists.
Your gnoll barely misses the gnoll bouda.
The gnoll bouda gazes fiercely through you!
You feel your attacks grow feeble.
Your gnoll skeleton hits the gnoll bouda but does no damage.
Casting: Necrotise (safe; 1% risk of failure)
Confirm with . or Enter, or press ? or * to list all spells.
Aiming: Necrotise (safe; 1% risk of failure)
Press: ? - help, Shift-Dir - straight line, f/p - gnoll
Aim: a gnoll, wielding a +0 flail (covering ground quickly, chance to affect: 88%)
You feel a surge of power!
The gnoll writhes in agony!
Your gnoll hits the gnoll bouda with a +0 halberd!
The gnoll bouda barely misses your gnoll.
Your gnoll skeleton closely misses the gnoll bouda.
Casting: Necrotise (safe; 1% risk of failure)
Confirm with . or Enter, or press ? or * to list all spells.
Aiming: Necrotise (safe; 1% risk of failure)
Press: ? - help, Shift-Dir - straight line, f/p - gnoll
Aim: a gnoll, wielding a +0 flail (severely wounded, covering ground quickly, chance to affect: 88%)
You feel a surge of power!
The gnoll writhes in agony!
You kill the gnoll!
The dead are walking!
Your gnoll closely misses the gnoll bouda.
The gnoll bouda barely misses your gnoll.
Your gnoll misses the gnoll bouda.
Your gnoll skeleton barely misses the gnoll bouda.
The gnoll bouda hits your gnoll with a +0 club!
Your gnoll hits the gnoll bouda with a +0 halberd!
The gnoll bouda dies!
You start resting.
Your attacks no longer feel as feeble.
You start resting.
Your gnoll is no longer moving quickly.
The gnoll is no longer charmed.
Your gnoll skeleton hits the gnoll.
The gnoll hits you with a +0 halberd.
You are too injured to fight recklessly!
You are too injured to fight recklessly!
You hit the gnoll but do no damage.
The gnoll is poisoned.
The gnoll is severely wounded.
You block the gnoll's attack.
Your gnoll skeleton hits the gnoll.
You closely miss the gnoll.
The gnoll is almost dead.
Your gnoll skeleton crumbles into dust!
The gnoll barely misses you.
You hit the gnoll.
The gnoll looks as sick as possible!
The gnoll is almost dead.
You kill the gnoll!
Magic restored.
Your gnoll skeleton crumbles into dust!
HP restored.
You see here a +0 halberd.
You now have 129 gold pieces (gained 8).
You see here a +0 halberd.
i - 3 scrolls labelled ESA SOGOAHOULU (gained 1)
Found a stone staircase leading down.
You open the door. 4 orcs come into view.
Found a spear.
Aiming: Necrotise (safe; 1% risk of failure)
Press: ? - help, Q - select action, (/) - cycle Shift-Dir - straight line, f - orc
Aim: an orc, wielding a +0 falchion and wearing a +0 chain mail (asleep, chance to affect: 93%)
You feel a surge of power!
The orc shouts!
The orc writhes in agony.
The orc shouts!
An orc comes into view. It is wielding a +0 club.
Aiming: Necrotise (safe; 1% risk of failure)
Press: ? - help, Q - select action, (/) - cycle Shift-Dir - straight line, f/p - orc
Aim: an orc, wielding a +0 falchion and wearing a +0 chain mail (heavily wounded, chance to affect: 93%)
You feel a surge of power!
The orc writhes in agony.
You kill the orc!
The orc shouts! x2
The dead are walking!
The orc hits your orc skeleton with a +0 whip.
Aiming: Necrotise (safe; 1% risk of failure)
Press: ? - help, Q - select action, (/) - cycle Shift-Dir - straight line, f - orc
Aim: an orc, wielding a +0 whip (chance to affect: 93%)
You feel a surge of power!
The orc writhes in agony.
The orc barely misses your orc skeleton.
An adder comes into view.
A giant cockroach comes into view.
Aiming: Necrotise (safe; 1% risk of failure)
Press: ? - help, Q - select action, (/) - cycle Shift-Dir - straight line, f/p - orc
Aim: an orc, wielding a +0 whip (moderately wounded, chance to affect: 93%)
You feel a surge of power!
You miscast Necrotise.
You are very lightly contaminated with residual magic.
Nothing appears to happen.
Your orc skeleton hits the orc but does no damage.
The orc hits your orc skeleton with a +0 club.
The orc hits your orc skeleton with a +0 whip.
A giant cockroach comes into view.
Aiming: Necrotise (safe; 1% risk of failure)
Press: ? - help, Q - select action, (/) - cycle Shift-Dir - straight line, f/p - orc
Aim: an orc, wielding a +0 whip (moderately wounded, chance to affect: 93%)
You feel a surge of power!
The orc writhes in agony!
You kill the orc!
The dead are walking!
The orc hits your orc skeleton with a +0 whip.
Your orc skeleton is destroyed!
Aiming: Necrotise (safe; 1% risk of failure)
Press: ? - help, Q - select action, (/) - cycle Shift-Dir - straight line, f/p - orc
Aim: an orc, wielding a +0 whip (moderately wounded, ally target, chance to affect: 93%)
You feel a surge of power!
The orc writhes in agony.
The orc closely misses you. The adder bites your orc skeleton.
Aiming: Necrotise (safe; 1% risk of failure)
Press: ? - help, Q - select action, (/) - cycle Shift-Dir - straight line, f/p - orc
Aim: an orc, wielding a +0 whip (heavily wounded, chance to affect: 93%)
You feel a surge of power!
The orc writhes in agony.
You kill the orc!
The dead are walking!
The adder bites your orc skeleton.
Your orc skeleton hits the adder but does no damage.
Aiming: Necrotise (safe; 1% risk of failure)
Press: ? - help, Q - select action, (/) - cycle Shift-Dir - straight line, f - giant cockroach
Aim: a giant cockroach (chance to affect: 93%)
You feel a surge of power!
The giant cockroach writhes in agony!
You kill the giant cockroach!
The adder bites your orc skeleton.
Your orc skeleton is destroyed!
Aiming: Necrotise (safe; 1% risk of failure)
Press: ? - help, Q - select action, (/) - cycle Shift-Dir - straight line, f - giant cockroach
Aim: a giant cockroach (chance to affect: 93%)
You feel a surge of power!
The giant cockroach writhes in agony.
You kill the giant cockroach!
Unknown command.
Aiming: Necrotise (safe; 1% risk of failure)
Press: ? - help, Q - select action, (/) - cycle Shift-Dir - straight line, f - orc
Aim: an orc, wielding a +0 club and wearing a +0 chain mail (ally target, chance to affect: 93%)
You feel a surge of power!
The orc writhes in agony!
You kill the orc!
The dead are walking!
Your magical contamination has completely faded away.
The adder bites your orc skeleton.
Your orc skeleton barely misses the orc.
The adder bites your orc skeleton.
Your orc skeleton is destroyed!
Your orc skeleton barely misses the orc.
You barely miss the adder. The adder barely misses you.
You barely miss the adder. The adder bites you.
Your orc skeleton hits the orc but does no damage.
The adder closely misses you.
You miss the adder. You block the adder's attack.
You hit the adder.
The adder is poisoned.
The adder is heavily wounded.
Your orc skeleton hits the orc but does no damage.
The adder bites you.
You hit the adder but do no damage.
The adder looks as sick as possible!
The adder is heavily wounded.
You kill the adder!
You barely miss the orc. The orc hits you but does no damage.
Your orc skeleton hits the orc but does no damage.
You hit the orc but do no damage.
The orc is poisoned.
The orc closely misses you.
Your orc skeleton hits the orc but does no damage.
You hit the orc.
The orc looks as sick as possible!
The orc is severely wounded.
The orc hits you with a +0 whip.
You hit the orc.
You kill the orc!
You have reached level 6!
You swap places.
Things that are here:
a +0 whip; a +0 ring mail; an adder corpse
There is an open door here.
Things that are here:
a +0 whip; a +0 flail
Items here: )) [[ †.
Your orc skeleton crumbles into dust!
There is an open door here.
Things that are here:
a +0 whip; a +0 flail
Things that are here:
a +0 whip; a +0 ring mail; an adder corpse
Found a stone staircase leading up.
There is a stone staircase leading up here.
A worm comes into view.
Aiming: Necrotise (safe; 1% risk of failure)
Press: ? - help, Q - select action, (/) - cycle Shift-Dir - straight line, f - worm
Aim: a worm (asleep, chance to affect: 88%)
You feel a surge of power!
The worm writhes in agony.
Aiming: Necrotise (safe; 1% risk of failure)
Press: ? - help, Q - select action, (/) - cycle Shift-Dir - straight line, f/p - worm
Aim: a worm (chance to affect: 88%)
You feel a surge of power!
The worm writhes in agony.
Aiming: Necrotise (safe; 1% risk of failure)
Press: ? - help, Q - select action, (/) - cycle Shift-Dir - straight line, f/p - worm
Aim: a worm (moderately wounded, chance to affect: 88%)
You feel a surge of power!
The worm writhes in agony!
Aiming: Necrotise (safe; 1% risk of failure)
Press: ? - help, Q - select action, (/) - cycle Shift-Dir - straight line, f/p - worm
Aim: a worm (severely wounded, chance to affect: 88%)
You feel a surge of power!
The worm writhes in agony.
Aiming: Necrotise (safe; 1% risk of failure)
Press: ? - help, Q - select action, (/) - cycle Shift-Dir - straight line, f/p - worm
Aim: a worm (severely wounded, chance to affect: 88%)
You feel a surge of power!
The worm writhes in agony!
You kill the worm!
t - a ring of willpower
t - a ring of willpower (left hand)
There is a stone staircase leading up here.
Found a hand axe.
Found a purple potion.
A hound comes into view.
You barely miss the hound. The hound bites you. The hound misses you.
You hit the hound but do no damage.
The hound is poisoned.
The hound barely misses you.
You hit the hound.
The hound looks as sick as possible!
The hound is moderately wounded.
The hound barely misses you. The hound bites you.
You closely miss the hound.
The hound is severely wounded.
The hound bites you.
You hit the hound.
The hound is severely wounded.
The hound bites you. The hound barely misses you.
You hit the hound.
The hound looks as sick as possible!
The hound is almost dead.
You kill the hound!
Your Stealth skill increases to level 3!
You pick up a book of Rime and begin reading...
You add the spells Frozen Ramparts and Summon Ice Beast to your library.
There is a stone staircase leading up here.
As you open the door, it creaks loudly!
There is an open door here.
Done exploring.
Done exploring.
Search for what [Enter for "d:", or ? for help]? d: Unknown command.
Unknown command.
Unknown command.
Items here: )) [[.
There is an open door here.
Things that are here:
a +0 whip; a +0 flail
Things that are here:
a +0 whip; a +0 ring mail; an adder skeleton
There is a stone staircase leading down here.
You climb downwards.
The hound barks!
Found a spear and 10 gold pieces.
There is a stone staircase leading up here.
Aiming: Necrotise (safe; 1% risk of failure)
Press: ? - help, Q - select action, (/) - cycle Shift-Dir - straight line, f - hound
Aim: a hound (chance to affect: 88%)
You feel a surge of power!
The hound writhes in agony.
Aiming: Necrotise (safe; 1% risk of failure)
Press: ? - help, Q - select action, (/) - cycle Shift-Dir - straight line, f/p - hound
Aim: a hound (lightly wounded, chance to affect: 88%)
You feel a surge of power!
The hound writhes in agony!
Aiming: Necrotise (safe; 1% risk of failure)
Press: ? - help, Q - select action, (/) - cycle Shift-Dir - straight line, f/p - hound
Aim: a hound (heavily wounded, chance to affect: 88%)
Okay, then.
You completely miss the hound.
The hound is heavily wounded.
The hound barely misses you.
You hit the hound but do no damage.
The hound is poisoned.
The hound is heavily wounded.
You block the hound's attack. The hound bites you but does no damage.
You hit the hound.
The hound looks as sick as possible!
The hound is severely wounded.
You block the hound's attack.
You miss the hound.
The hound is almost dead.
You kill the hound!
No target in view!
Magic restored.
You see here a hound corpse.
Found 7 stones.
You now have 139 gold pieces (gained 10).
q - 2 scrolls labelled QUYMEG XIUPIR (gained 1)
A hound comes into view.
The helpless hound fails to defend itself.
You puncture the hound!
The hound is poisoned.
The hound is heavily wounded.
The hound bites you. The hound barely misses you.
You hit the hound.
The hound is heavily wounded.
You block the hound's attack.
You closely miss the hound.
The hound is heavily wounded.
The hound bites you but does no damage. You block the hound's attack.
You barely miss the hound.
The hound is heavily wounded.
The hound barely misses you.
You hit the hound.
The hound is severely wounded.
You block the hound's attack. The hound closely misses you.
You hit the hound.
You kill the hound!
No target in view!
HP restored.
Found a stone staircase leading up.
A shadow imp comes into view.
The helpless shadow imp fails to defend itself.
You puncture the shadow imp!
The shadow imp is heavily wounded.
The shadow imp hits you but does no damage.
You hit the shadow imp.
The shadow imp is poisoned.
The shadow imp is severely wounded.
The shadow imp hits you.
You hit the shadow imp.
The shadow imp is almost dead.
You kill the shadow imp!
No target in view!
Found a sedimented puce potion.
A lemure comes into view.
There is a stone staircase leading up here.
Unknown command.
Unknown command.
A lemure comes into view.
The lemure shouts!
You hear a shout! x2
There is a stone staircase leading up here.
You miss the lemure. The lemure hits you.
You hit the lemure.
The lemure is lightly wounded.
The lemure closely misses you.
You closely miss the lemure.
The lemure is lightly wounded.
You block the lemure's attack.
You hit the lemure but do no damage.
The lemure is poisoned.
The lemure is lightly wounded.
The lemure barely misses you.
You hit the lemure.
The lemure is lightly wounded.
You block the lemure's attack.
You hit the lemure.
The lemure looks as sick as possible!
The lemure is moderately wounded.
The lemure barely misses you.
You closely miss the lemure.
The lemure is moderately wounded.
The lemure hits you.
You hit the lemure.
The lemure is severely wounded.
You block the lemure's attack.
You hit the lemure.
The lemure looks as sick as possible!
The lemure is severely wounded.
You block the lemure's attack.
You hit the lemure.
The lemure looks as sick as possible!
The lemure is almost dead.
You kill the lemure!
That felt strangely unrewarding.
You start resting.
HP restored.
Pikel and a lemure come into view.
Pikel is wielding a +0 whip of flaming.
There is a stone staircase leading up here.
A lemure comes into view.
The lemure moves out of view.
Aiming: Necrotise (safe; 1% risk of failure)
Press: ? - help, Q - select action, (/) - cycle Shift-Dir - straight line, f - you
Okay, then.
There is a stone staircase leading up here.
The lemure shouts!
You barely miss the lemure. The lemure closely misses you.
You block the lemure's attack.
You climb upwards.
There is a stone staircase leading down here.
You closely miss the lemure. The lemure completely misses you.
You barely miss the lemure. The lemure hits you but does no damage.
You barely miss the lemure. The lemure hits you but does no damage.
You hit the lemure.
The lemure is poisoned.
The lemure is lightly wounded.
The lemure hits you.
You hit the lemure but do no damage.
The lemure looks as sick as possible!
The lemure is lightly wounded.
The lemure hits you!
You closely miss the lemure.
The lemure is lightly wounded.
The lemure closely misses you.
You miss the lemure.
The lemure is lightly wounded.
The lemure barely misses you.
You hit the lemure.
The lemure is lightly wounded.
The lemure barely misses you.
You closely miss the lemure.
The lemure is lightly wounded.
The lemure barely misses you.
You hit the lemure.
The lemure looks as sick as possible!
The lemure is moderately wounded.
The lemure hits you.
You hit the lemure but do no damage.
The lemure looks as sick as possible!
The lemure is moderately wounded.
The lemure hits you.
You barely miss the lemure.
The lemure is heavily wounded.
The lemure completely misses you.
You hit the lemure but do no damage.
The lemure is heavily wounded.
The lemure hits you.
You hit the lemure but do no damage.
The lemure looks as sick as possible!
The lemure is severely wounded.
You block the lemure's attack.
You hit the lemure but do no damage.
The lemure looks as sick as possible!
The lemure is severely wounded.
The lemure barely misses you.
You hit the lemure but do no damage.
The lemure looks as sick as possible!
The lemure is severely wounded.
The lemure hits you but does no damage.
You hit the lemure.
You kill the lemure!
That felt strangely unrewarding.
No target in view!
You start resting.
HP restored.
You climb downwards.
Level annotation: Pikel The lemure closely misses you.
There is a stone staircase leading up here.
You hit Pikel but do no damage.
Pikel hits you with a +0 whip of flaming!
Pikel burns you. The lemure barely misses you.
The lemure shouts!
You hit Pikel but do no damage.
Pikel is poisoned.
Pikel hits you with a +0 whip of flaming.
Pikel burns you. The lemure hits you.
You hit Pikel.
Pikel looks as sick as possible!
Pikel is lightly wounded.
Pikel barely misses you. The lemure misses you.
You hit Pikel but do no damage.
Pikel looks as sick as possible!
Pikel is lightly wounded.
Pikel completely misses you. You block the lemure's attack.
You completely miss Pikel.
Pikel is lightly wounded.
The lemure hits you.
Pikel hits you with a +0 whip of flaming.
Pikel burns you.
You hit Pikel.
Pikel looks as sick as possible!
Pikel is moderately wounded.
Pikel drinks a potion.
Pikel is healed!
Pikel looks more healthy.
The lemure hits you but does no damage.
Casting: Necrotise (safe; 1% risk of failure)
Confirm with . or Enter, or press ? or * to list all spells.
Aiming: Vampiric Draining (dangerous; 4% risk of failure)
Press: ? - help, Shift-Dir - straight line, f - Pikel
Aim: Pikel, wielding a +0 whip of flaming and wearing a +0 robe (lightly wounded)
You feel a surge of power!
You draw life force from Pikel.
You feel life coursing into your body.
Pikel hits you with a +0 whip of flaming!
Pikel burns you.
* * * LOW HITPOINT WARNING * * *
The lemure hits you.
* * * LOW HITPOINT WARNING * * *
Unknown command.
Casting: Vampiric Draining (dangerous; 4% risk of failure)
Confirm with . or Enter, or press ? or * to list all spells.
Aiming: Vampiric Draining (dangerous; 4% risk of failure)
Press: ? - help, Shift-Dir - straight line, f/p - Pikel
Aim: Pikel, wielding a +0 whip of flaming and wearing a +0 robe (lightly wounded)
You feel a surge of power!
You draw life force from Pikel!
You feel life coursing into your body. Pikel misses you. The lemure hits you.
Casting: Vampiric Draining (dangerous; 4% risk of failure)
Confirm with . or Enter, or press ? or * to list all spells.
Aiming: Vampiric Draining (dangerous; 4% risk of failure)
Press: ? - help, Shift-Dir - straight line, f/p - Pikel
Aim: Pikel, wielding a +0 whip of flaming and wearing a +0 robe (heavily wounded)
You feel a surge of power!
You draw life force from Pikel.
You feel life coursing into your body. The lemure barely misses you.
Pikel misses you.
Casting: Vampiric Draining (dangerous; 4% risk of failure)
Confirm with . or Enter, or press ? or * to list all spells.
Aiming: Vampiric Draining (dangerous; 4% risk of failure)
Press: ? - help, Shift-Dir - straight line, f/p - Pikel
Aim: Pikel, wielding a +0 whip of flaming and wearing a +0 robe (heavily wounded)
You feel a surge of power!
You draw life force from Pikel!
You feel life coursing into your body! Pikel misses you.
The lemure closely misses you.
You closely miss Pikel.
Pikel is almost dead.
Pikel hits you with a +0 whip of flaming!
Pikel burns you.
* * * LOW HITPOINT WARNING * * *
The lemure barely misses you.
You closely miss Pikel.
Pikel is almost dead.
Pikel hits you with a +0 whip of flaming.
* * * LOW HITPOINT WARNING * * *
Pikel burns you.
* * * LOW HITPOINT WARNING * * *
The lemure closely misses you.
You barely miss Pikel.
Pikel is almost dead.
You block Pikel's attack. You block the lemure's attack.
You hit Pikel.
Pikel is poisoned.
You punch Pikel.
Pikel is almost dead.
Pikel hits you with a +0 whip of flaming!
* * * LOW HITPOINT WARNING * * *
Pikel burns you.
You die...

Skill      XL: |  1  2  3  4  5  6 |
---------------+-------------------+-----
Spellcasting   | 3 4 |  4.4
Fighting       | 1 2 |  2.6
Stealth        | 2 3 |  3.1
Necromancy     | 5 |  5.8
Dodging        | |  1.5

Action                     |  1- 3 |  4- 6 || total
---------------------------+-------+-------++-------
  Melee: Dagger            |    26 |   109 ||   135
         Punch             |       |     1 ||     1
   Cast: Necrotise         |    51 |    75 ||   126
         Vampiric Draining |       |     4 ||     4
  Evoke: Wand              |       |     1 ||     1
   Stab: Sleeping          |       |     3 ||     3
 Armour: Robe              |     7 |    11 ||    18
  Dodge: Dodged            |    13 |    55 ||    68
  Block: Other             |       |    24 ||    24

Levels and vault maps discovered:
D:1:      dpeg_arrival_connections, layout_rooms
D:2:      layout_rooms
D:3:      layout_basic, lemuel_tele_altar, ebering_ghost_sewer_f,
          minmay_distorted
D:4:      layout_rooms, minmay_temple_entry_ruins, dk_noncrumbling_4
D:5:      layout_loops_ring, vehumet_statue, worldfamousw_hep_ancestral_shrine,
          serial_shops, nicolae_shop_bloodbath_and_beyond, st_stairs_13,
          uniq_pikel
Temple:   grunt_temple_mini_profane

Notes
Turn   | Place    | Note
-------+----------+-------------------------------------------
     0 | D:1      | scionoferis the Mummy Necromancer began the quest for the
                  | Orb.
     0 | D:1      | Reached XP level 1. HP: 13/13 MP: 4/4
   170 | D:1      | Reached XP level 2. HP: 20/20 MP: 0/5
   246 | D:1      | Reached skill level 3 in Spellcasting
   695 | D:2      | Reached skill level 1 in Fighting
   763 | D:2      | Reached skill level 2 in Stealth
   771 | D:2      | Gained mutation: You are in touch with the powers of death.
                  | [Mummy growth]
   771 | D:2      | Reached XP level 3. HP: 26/26 MP: 5/7
   775 | D:2      | Learned a level 3 spell: Vampiric Draining
  1102 | D:2      | Reached XP level 4. HP: 22/32 MP: 2/9
  1713 | D:3      | Found a runed translucent door.
  1714 | D:3      | Noticed Datul's ghost (amateur DsWr)
  1809 | D:3      | Found a stormy altar of Qazlal.
  1870 | D:3      | Reached skill level 5 in Necromancy
  1938 | D:3      | Reached XP level 5. HP: 34/38 MP: 7/10
  2140 | D:3      | Found a runed translucent door.
  2379 | D:4      | Found a staircase to the Ecumenical Temple.
  2387 | Temple   | Entered the Ecumenical Temple
  2610 | D:4      | Reached skill level 2 in Fighting
  2828 | D:4      | Reached skill level 4 in Spellcasting
  2971 | D:4      | Reached XP level 6. HP: 43/45 MP: 3/12
  3128 | D:4      | Reached skill level 3 in Stealth
  3214 | D:5      | Entered Level 5 of the Dungeon
  3378 | D:5      | Noticed Pikel
  3475 | D:5      | HP: 1/46 [Pikel/+0 whip of flaming (7)]
  3475 | D:5      | Slain by Pikel

Vanquished Creatures
  2 lemures (D:5 D:4)
  3 hounds (D:4 D:5)
  4 gnolls (D:4)
  10 adders (D:2 D:3 D:4)
  A shadow imp (D:5)
  2 worms (D:3 D:4)
  2 dart slugs (D:1 D:2)
  14 orcs (D:3 D:4)
  6 ball pythons (D:1 D:2 D:3 D:4)
  9 endoplasms (D:1 D:2 D:3 D:4)
  6 giant cockroaches (D:2 D:3 D:4)
  8 hobgoblins (D:1 D:2 D:3)
  7 kobolds (D:1 D:2 D:3)
  3 bats (D:1 D:2)
  3 frilled lizards (D:1 D:3)
  11 goblins (D:1 D:2 D:3 D:4)
  4 rats (D:2 D:3)
95 creatures vanquished.

Vanquished Creatures (collateral kills)
  A gnoll bouda (D:4)
  A goblin (D:2)
  A hobgoblin (D:2)
  A frilled lizard (D:1)
  A rat (D:2)
5 creatures vanquished.

Grand Total: 100 creatures vanquished

Table legend: (Time is in decaauts)
 A = Elapsed time spent in this place.
 B = Non-inter-level travel time spent in this place.
 C = Inter-level travel time spent in this place.
 D = Time resting spent in this place.
 E = Time spent auto-exploring this place.
 F = Levels seen in this place.
 G = Mean time per level.
                   A        B        C        D        E       F      G
               +--------+--------+--------+--------+--------+-----+--------+
         Total |   3473 |   3357 |    116 |    211 |   2397 |   6 |  578.8 |
       Dungeon |   3261 |   3182 |     79 |    211 |   2228 |   5 |  652.2 |
        Temple |    211 |    174 |     37 |      0 |    169 |   1 |  211.0 |
               +--------+--------+--------+--------+--------+-----+--------+

Top non-repeatable levels by time:
     D:3: 933 daAuts
     D:4: 782 daAuts
     D:1: 690 daAuts
     D:2: 650 daAuts
  Temple: 211 daAuts
     D:5: 205 daAuts

Table legend:
 A = Non-vault XP
 B = Vault XP
 C = Vault XP percentage of total XP
 D = Non-vault monster count
 E = Vault monster count
 F = Vault count percentage of total count
                 A         B        C        D         E       F
            +---------+---------+-------+---------+---------+-------
      Total |     432 |      96 |  18.2 |      93 |       5 |   5.1
            +---------+---------+-------+---------+---------+-------
        D:1 |      36 |       0 |   0.0 |      20 |       0 |   0.0
        D:2 |      75 |       0 |   0.0 |      23 |       0 |   0.0
        D:3 |      95 |       8 |   7.8 |      25 |       3 |  10.7
        D:4 |     214 |       0 |   0.0 |      24 |       0 |   0.0
        D:5 |      12 |      88 |  88.0 |       1 |       2 |  66.7
            +---------+---------+-------+---------+---------+-------
